[Event "Titled Tuesday Blitz June 27 Late 2023"]
[White "StarkyNZ"]
[Black "Remolar Gallen, Jose"]
[BlackFideId "2215187"]
[WhiteElo "2281"]
[BlackElo "2445"]
[Result "0-1"]
[Round "9"]
[TimeControl "180+2"]
[Date "2023.06.27"]
[WhiteClock "0:00:51"]
[BlackClock "0:00:08"]
[Board "83"]

1. c4 Nf6 2. Nc3 g6 3. g3 Bg7 4. Bg2 O-O 5. e3 c6 6. Nge2 d5 7. cxd5 cxd5 8. Nf4 d4 9. Ncd5 Nc6 10. O-O Nd7 11. Qb3 a5 12. a4 e6 13. Nxe6 fxe6 14. Nf4 Nc5 15. Qc4 Qd6 16. d3 Ne5 17. Qxd4 Nf3+ 18. Bxf3 Bxd4 19. exd4 Nb3 20. Rb1 Nxd4 21. Bg2 e5 22. Nd5 Be6 23. Nc3 Rac8 24. Bh6 Rf7 25. Ne4 Ne2+ 26. Kh1 Qxd3 27. Rbd1 Qb3 28. Nd6 Rfc7 29. Nxc8 Rxc8 30. Rfe1 Nd4 31. Rd2 Bd5 32. Be3 Bxg2+ 33. Kxg2 Qd5+ 34. Kh3 Qe6+ 35. Kg2 Qc6+ 36. Kh3 Nf3 37. Rde2 Nxe1 38. Rxe1 Qxa4 39. Bg5 Qd4 40. Bf6 Qxf2 41. Rxe5 Qxf6 42. Rb5 Qc6 43. Rb3 Qe6+ 44. Kg2 Qxb3 45. Kh3 Qxb2 46. g4 a4 47. Kh4 Rc5 48. g5 Qf2+ 49. Kg4 Rc4+ 50. Kh3 Rh4# 0-1


[Site "https://www.chess.com"]

[Event "Titled Tuesday Blitz June 27 Late 2023"]
[White "Brown, Raehanna"]
[Black "Figorito, Nick"]
[WhiteFideId "7402740"]
[BlackFideId "30923689"]
[WhiteElo "2172"]
[BlackElo "2421"]
[Result "0-1"]
[Round "9"]
[TimeControl "180+2"]
[Date "2023.06.27"]
[WhiteClock "0:00:15"]
[BlackClock "0:00:52"]
[Board "84"]

1. c4 c6 2. e4 d5 3. cxd5 cxd5 4. exd5 Nf6 5. Nc3 Nxd5 6. Nf3 Nxc3 7. bxc3 g6 8. d4 Bg7 9. Qb3 O-O 10. Bc4 Nc6 11. Bd3 Na5 12. Qc2 Bd7 13. O-O Rc8 14. Re1 b5 15. a4 bxa4 16. Ba3 Re8 17. Ne5 Nb3 18. Rab1 Nxd4 19. Qb2 Nb3 20. Nxd7 Qxd7 21. Rbd1 Bxc3 22. Qe2 Bxe1 23. Bb5 Bxf2+ 24. Kxf2 Qf5+ 25. Kg1 Rc2 26. Qf1 Qxf1+ 27. Rxf1 Rd8 28. Bxa4 Rdd2 29. Ra1 Nxa1 0-1


[Site "https://www.chess.com"]

[Event "Titled Tuesday Blitz June 27 Late 2023"]
[White "BrandonJiang123456"]
[Black "Howell, David W L"]
[BlackFideId "410608"]
[WhiteElo "2224"]
[BlackElo "3002"]
[Result "1/2-1/2"]
[Round "9"]
[TimeControl "180+2"]
[Date "2023.06.27"]
[WhiteClock "0:00:28"]
[BlackClock "0:00:20"]
[Board "85"]

1. e4 c5 2. Nf3 Nc6 3. Bb5 Nf6 4. Qe2 g6 5. c3 Bg7 6. O-O O-O 7. d4 d5 8. e5 Ne4 9. Be3 cxd4 10. cxd4 Qb6 11. Nc3 Nxc3 12. bxc3 Bf5 13. Nh4 Bd7 14. Rab1 Qc7 15. f4 Na5 16. Bxd7 Qxd7 17. f5 Rac8 18. e6 fxe6 19. fxg6 hxg6 20. Nxg6 Rf6 21. Ne5 Qe8 22. Qg4 Rxc3 23. Bd2 Ra3 24. Bxa5 Rxa5 25. Rxf6 exf6 26. Rxb7 Qf8 27. Qxe6+ Kh7 28. Qf5+ Kg8 29. Qe6+ Kh7 30. Qh3+ Kg8 31. Qe6+ 1/2-1/2


[Site "https://www.chess.com"]

[Event "Titled Tuesday Blitz June 27 Late 2023"]
[White "Muhammed, Shuaau"]
[Black "Weishaeutel, Moritz"]
[WhiteFideId "16700406"]
[BlackFideId "12967300"]
[WhiteElo "2354"]
[BlackElo "2608"]
[Result "0-1"]
[Round "9"]
[TimeControl "180+2"]
[Date "2023.06.27"]
[WhiteClock "0:00:12"]
[BlackClock "0:01:48"]
[Board "86"]

1. e4 e5 2. Nf3 Nf6 3. Nc3 Nc6 4. Bc4 Nxe4 5. Nxe4 d5 6. Bd3 dxe4 7. Bxe4 Bd6 8. O-O O-O 9. Re1 Nb4 10. c3 f5 11. cxb4 fxe4 12. Rxe4 b6 13. Re1 e4 14. Rxe4 Bb7 15. Re3 Qd7 16. d4 Qg4 17. d5 Qh5 18. Rd3 Rae8 19. Bd2 Rxf3 20. Qxf3 Qxh2+ 0-1


[Site "https://www.chess.com"]

[Event "Titled Tuesday Blitz June 27 Late 2023"]
[White "reevecanada"]
[Black "micke12a"]
[WhiteElo "2602"]
[BlackElo "2351"]
[Result "0-1"]
[Round "9"]
[TimeControl "180+2"]
[Date "2023.06.27"]
[WhiteClock "0:00:00"]
[BlackClock "0:00:18"]
[Board "87"]

1. e4 c5 2. Nf3 Nc6 3. Bb5 g6 4. h4 h6 5. c3 Bg7 6. d3 a6 7. Ba4 b5 8. Bc2 e6 9. Be3 d6 10. d4 cxd4 11. cxd4 d5 12. e5 Nge7 13. Nbd2 Nf5 14. Qe2 Nxe3 15. Qxe3 Qb6 16. a3 Na5 17. O-O Bb7 18. Rfc1 Nc4 19. Qc3 Rc8 20. Bd3 O-O 21. Qb3 Nxd2 22. Nxd2 Qxd4 23. Nf3 Qf4 24. Re1 d4 25. Be2 Bxf3 26. Bxf3 Bxe5 27. g3 Qf6 28. Qd3 Bd6 29. Rad1 e5 30. Be4 Kg7 31. f3 Qe6 32. Bb7 Rb8 33. Bxa6 b4 34. Bc4 Qd7 35. f4 f6 36. Ra1 bxa3 37. bxa3 exf4 38. Qxd4 Qc7 39. Kg2 Be5 40. Qe4 Bxa1 41. Rxa1 Rb2+ 42. Kh3 fxg3 43. Be2 g2 44. h5 Qc3+ 45. Kh2 Qe5+ 46. Qxe5 fxe5 47. Bd3 Rd2 48. Bb5 e4 49. a4 e3 50. Re1 Rf1 51. Rxe3 g1=Q+ 52. Kh3 Qxe3+ 0-1


[Site "https://www.chess.com"]

[Event "Titled Tuesday Blitz June 27 Late 2023"]
[White "Andersson, Bjorn 1971"]
[Black "Adewumi, Tanitoluwa"]
[WhiteFideId "1702114"]
[BlackFideId "30966396"]
[WhiteElo "2344"]
[BlackElo "2591"]
[Result "0-1"]
[Round "9"]
[TimeControl "180+2"]
[Date "2023.06.27"]
[WhiteClock "0:00:10"]
[BlackClock "0:01:01"]
[Board "88"]

1. e4 c5 2. Nf3 e6 3. d4 cxd4 4. Nxd4 Nc6 5. Nc3 Qc7 6. Nb3 a6 7. a4 Nf6 8. Be2 Bb4 9. Bf3 Ne5 10. Bd2 Nc4 11. Bc1 Nxb2 12. Bxb2 Bxc3+ 13. Bxc3 Qxc3+ 14. Qd2 Qc7 15. O-O O-O 16. Rae1 d6 17. Bd1 Bd7 18. a5 Bb5 19. f4 Bxf1 20. Rxf1 Nxe4 21. Qe3 Nc5 22. Nd4 Qxa5 23. f5 exf5 24. Nxf5 Ne6 25. Kh1 Qe5 26. Qd2 Rad8 27. Bg4 d5 28. Re1 Qf6 29. Rf1 Qg5 30. Qe2 Nf4 31. Qf3 Ng6 32. g3 Ne5 33. Qc3 Nxg4 34. h4 Qf6 35. Qc7 Qe5 36. Qxb7 Qe2 0-1


[Site "https://www.chess.com"]

[Event "Titled Tuesday Blitz June 27 Late 2023"]
[White "Shapiro, Viktor"]
[Black "The_Straightforward_Rook"]
[WhiteFideId "4175700"]
[WhiteElo "2498"]
[BlackElo "2341"]
[Result "0-1"]
[Round "9"]
[TimeControl "180+2"]
[Date "2023.06.27"]
[WhiteClock "0:00:03"]
[BlackClock "0:00:18"]
[Board "89"]

1. Nf3 d5 2. g3 c5 3. Bg2 Nf6 4. d3 Nc6 5. O-O Qc7 6. c4 d4 7. e3 Bg4 8. h3 Bxf3 9. Qxf3 e6 10. exd4 Nxd4 11. Qd1 Be7 12. Nc3 O-O 13. Be3 Rad8 14. Bxd4 Rxd4 15. Nb5 Qd7 16. Nxd4 Qxd4 17. Qe2 Bd6 18. Kh2 h5 19. Rad1 h4 20. Bf3 g5 21. Kg2 Kg7 22. Rg1 hxg3 23. fxg3 Rh8 24. Qf2 Qxf2+ 25. Kxf2 Rxh3 26. Rg2 b6 27. b3 Be5 28. g4 Bd4+ 29. Ke2 Nd7 30. Rf1 Ne5 31. Be4 Rh4 32. Bf3 Ng6 33. Kd1 Nf4 34. Rc2 f5 35. gxf5 exf5 36. Be2 Kf6 37. a3 a5 38. Ra2 Ng2 39. Kd2 Ne3 40. Rf3 f4 41. b4 Ke5 42. bxc5 bxc5 43. Rf1 g4 44. Ke1 g3 45. Bf3 Bc3+ 46. Ke2 Rh2+ 0-1


[Site "https://www.chess.com"]

[Event "Titled Tuesday Blitz June 27 Late 2023"]
[White "Mazurkiewicz, Michal"]
[Black "Shapiro, Daniel"]
[WhiteFideId "1124943"]
[BlackFideId "2001780"]
[WhiteElo "2443"]
[BlackElo "2338"]
[Result "1-0"]
[Round "9"]
[TimeControl "180+2"]
[Date "2023.06.27"]
[WhiteClock "0:00:04"]
[BlackClock "0:00:00"]
[Board "90"]

1. e4 e5 2. Nf3 Nc6 3. Bb5 a6 4. Bxc6 dxc6 5. O-O Ne7 6. Nxe5 Qd4 7. Qh5 g6 8. Nf3 Qxf2+ 9. Rxf2 gxh5 10. Ng5 Bg7 11. Nxf7 O-O 12. Ng5 Bd4 13. Nf3 Bxf2+ 14. Kxf2 Bg4 15. d3 Bxf3 16. gxf3 Ng6 17. Bh6 Rf6 18. Nd2 Ne5 19. Rg1+ Kf7 20. Rg7+ Ke6 21. Bg5 Rf7 22. Rxf7 Nxf7 23. Bh4 Ne5 24. h3 Rf8 25. Ke3 c5 26. f4 Nc6 27. f5+ Kd7 28. Nf3 Nb4 29. c3 Nxa2 30. Ne5+ Ke8 31. Kf4 b5 32. f6 b4 33. cxb4 cxb4 34. Kf5 Nc1 35. Ke6 a5 36. f7+ Rxf7 37. Nxf7 Nxd3 38. Bf6 Nc5+ 39. Kd5 Kxf7 40. Kxc5 Kxf6 41. Kb5 Ke5 42. Kxa5 c5 43. Kb5 1-0


[Site "https://www.chess.com"]

[Event "Titled Tuesday Blitz June 27 Late 2023"]
[White "Roman, Rodrigo"]
[Black "Ai, Evan"]
[WhiteFideId "3701220"]
[BlackFideId "2094770"]
[WhiteElo "2334"]
[BlackElo "2424"]
[Result "0-1"]
[Round "9"]
[TimeControl "180+2"]
[Date "2023.06.27"]
[WhiteClock "0:00:11"]
[BlackClock "0:00:31"]
[Board "91"]

1. e4 e5 2. Nf3 Nc6 3. Bc4 Nf6 4. Ng5 d5 5. exd5 Na5 6. Bb5+ c6 7. dxc6 bxc6 8. Bd3 h6 9. Ne4 Nd5 10. O-O Be7 11. Ng3 O-O 12. Bf5 g6 13. Bxc8 Rxc8 14. d4 exd4 15. Qxd4 Bf6 16. Qd3 h5 17. Rd1 Nb4 18. Qf3 Qe7 19. Na3 Rcd8 20. Bh6 Rxd1+ 21. Rxd1 Rd8 22. c3 Rxd1+ 23. Qxd1 Nxa2 24. Be3 Nxc3 25. bxc3 Qxa3 26. Bd4 Bxd4 27. Qxd4 Nb3 28. Qd8+ Kh7 29. Qf6 Qc1+ 30. Nf1 Kg8 31. g3 a5 32. Kg2 c5 33. Ne3 Qd2 34. h4 a4 35. Qa6 Nc1 36. Qa8+ Kg7 37. Qxa4 Nd3 38. Qc2 Ne1+ 39. Kh2 Nxc2 0-1


[Site "https://www.chess.com"]

[Event "Titled Tuesday Blitz June 27 Late 2023"]
[White "KorolDimitriy75"]
[Black "Garmendiarov"]
[WhiteElo "2417"]
[BlackElo "2311"]
[Result "0-1"]
[Round "9"]
[TimeControl "180+2"]
[Date "2023.06.27"]
[WhiteClock "0:00:00"]
[BlackClock "0:00:13"]
[Board "92"]

1. d4 Nf6 2. c4 d6 3. Nc3 e5 4. Nf3 exd4 5. Nxd4 g6 6. e4 Bg7 7. Be2 O-O 8. O-O Re8 9. f3 Bd7 10. Be3 Nc6 11. Qd2 a6 12. Rac1 Rb8 13. Nd5 Nxd4 14. Bxd4 c5 15. Nxf6+ Bxf6 16. Bxf6 Qxf6 17. Rfd1 Be6 18. b3 Red8 19. Qe3 b5 20. h3 b4 21. Rd2 a5 22. Rcd1 Qe7 23. Qf4 a4 24. Rxd6 axb3 25. axb3 Rxd6 26. Qxd6 Qxd6 27. Rxd6 Ra8 28. Rc6 Ra1+ 29. Kf2 Rb1 30. Rxc5 Rxb3 31. Rb5 Rb2 32. Rb8+ Kg7 33. Ke3 b3 34. c5 Rc2 35. Bd1 Rxc5 36. Bxb3 Rc3+ 37. Kf4 Rxb3 38. Ra8 h6 39. h4 Rb2 40. Kg3 h5 41. Ra1 Kf6 42. Re1 g5 43. hxg5+ Kxg5 44. f4+ Kh6 45. Re3 h4+ 46. Kxh4 Rxg2 47. f5 Bc4 48. e5 Be2 0-1


[Site "https://www.chess.com"]

[Event "Titled Tuesday Blitz June 27 Late 2023"]
[White "Vega Gutierrez, Sabrina"]
[Black "Rakitic2010"]
[WhiteFideId "2219026"]
[WhiteElo "2402"]
[BlackElo "2300"]
[Result "0-1"]
[Round "9"]
[TimeControl "180+2"]
[Date "2023.06.27"]
[WhiteClock "0:00:03"]
[BlackClock "0:01:21"]
[Board "93"]

1. e4 Nf6 2. e5 Nd5 3. c4 Nb6 4. d4 d6 5. exd6 cxd6 6. Nc3 g6 7. a4 Bg7 8. a5 N6d7 9. Nf3 O-O 10. Be2 Nc6 11. h4 h5 12. d5 Nxa5 13. Ng5 Qc7 14. Nb5 Qb6 15. Bd2 Nxc4 16. Bxc4 a6 17. Nc3 Qxb2 18. Rb1 Qa3 19. Rb3 Qc5 20. Be2 b5 21. O-O Bb7 22. Be3 Qc7 23. Qd2 Rac8 24. Na2 Qc2 25. Rd1 Qxb3 26. Nb4 Bc3 27. Qd3 Qxb4 28. Bxh5 Ne5 29. Qe2 Qxh4 30. Bf3 Nxf3+ 31. Nxf3 Qc4 32. Qc2 Bg7 33. Qd2 Qc2 34. Qe1 a5 35. Nd4 Bxd4 36. Bxd4 Bxd5 37. Rd2 Qb1 38. Rd1 Qb4 39. Qe3 e5 40. Ba1 Qb3 41. Qh6 Qxd1+ 0-1


[Site "https://www.chess.com"]

[Event "Titled Tuesday Blitz June 27 Late 2023"]
[White "Lowinger, Daniel"]
[Black "Cluke86"]
[WhiteFideId "2005557"]
[WhiteElo "2387"]
[BlackElo "2268"]
[Result "1-0"]
[Round "9"]
[TimeControl "180+2"]
[Date "2023.06.27"]
[WhiteClock "0:00:04"]
[BlackClock "0:00:09"]
[Board "94"]

1. e4 d6 2. d4 Nf6 3. Nc3 e5 4. Nf3 Nbd7 5. Bc4 Be7 6. O-O c6 7. a4 Qc7 8. Re1 h6 9. Ba2 g5 10. Be3 Ng4 11. Bc1 Nf8 12. a5 Ng6 13. d5 Nf4 14. a6 h5 15. axb7 Bxb7 16. dxc6 Bxc6 17. Nd5 Qd8 18. Bc4 Kf8 19. Ra3 Rg8 20. h3 Nf6 21. Nh2 Bxd5 22. exd5 Rc8 23. Bf1 N4xd5 24. Rxa7 Nf4 25. g3 Ne6 26. Nf3 g4 27. Nh2 gxh3 28. Bxh3 Rc7 29. Bh6+ Ke8 30. Qa1 Rxa7 31. Qxa7 Qc8 32. Qa4+ Qd7 33. Qa8+ Qd8 34. Qa4+ Nd7 35. Rd1 f6 36. Be3 Kf7 37. Qb3 Nf8 38. Nf3 h4 39. Nxh4 Qa8 40. Nf5 Qf3 41. Re1 Rg6 42. Nh6+ Rxh6 43. Bxh6 Qh5 44. Bxe6+ Nxe6 45. Be3 d5 46. Ra1 d4 47. Ra6 dxe3 48. Qxe6+ Kg6 49. Qxe7 Qd1+ 50. Kg2 Qd5+ 51. Kh2 exf2 52. Rxf6+ Kg5 53. Rxf2+ Kg4 54. Qg7+ Kh5 55. Rf5# 1-0


[Site "https://www.chess.com"]

[Event "Titled Tuesday Blitz June 27 Late 2023"]
[White "Haitin, Ilja"]
[Black "Kornyukov, Alexey"]
[WhiteFideId "4501764"]
[BlackFideId "4150457"]
[WhiteElo "2385"]
[BlackElo "2243"]
[Result "0-1"]
[Round "9"]
[TimeControl "180+2"]
[Date "2023.06.27"]
[WhiteClock "0:00:03"]
[BlackClock "0:00:07"]
[Board "95"]

1. d4 d5 2. c4 e6 3. Nc3 c6 4. Nf3 dxc4 5. e4 b5 6. Be2 Bb7 7. O-O Nf6 8. e5 Nd5 9. Ne4 h6 10. a4 a6 11. b3 c3 12. axb5 cxb5 13. b4 Bxb4 14. Qb3 O-O 15. Bd3 Nc6 16. Bb1 a5 17. Qc2 f5 18. exf6 Nxf6 19. Nxf6+ Qxf6 20. Qh7+ Kf7 21. d5 exd5 22. Ba2 Rad8 23. Be3 Ne5 24. Nxe5+ Qxe5 25. Qd3 Bc6 26. Rfe1 Qf6 27. Bd4 Qd6 28. Rac1 Kg8 29. Qh3 Kh8 30. Re3 Qf4 31. Rf1 Qxd4 32. Rg3 Qf6 33. Bb1 d4 34. Bd3 Bd5 35. Rg6 Qf7 36. Rxh6+ gxh6 37. Qxh6+ Kg8 38. Qg5+ Qg7 39. Qh5 Rf6 40. Re1 Bc4 41. Re8+ Rxe8 42. Qxe8+ Rf8 43. Bxc4+ bxc4 44. Qe6+ Qf7 45. Qg4+ Qg7 46. Qe6+ Rf7 47. Qc8+ Bf8 48. h4 c2 49. h5 c1=Q+ 50. Kh2 Qf4+ 51. g3 Qxf2+ 52. Kh3 Qfxg3# 0-1


[Site "https://www.chess.com"]

[Event "Titled Tuesday Blitz June 27 Late 2023"]
[White "BenchGM"]
[Black "zano2023"]
[WhiteElo "2378"]
[BlackElo "2175"]
[Result "0-1"]
[Round "9"]
[TimeControl "180+2"]
[Date "2023.06.27"]
[WhiteClock "0:00:00"]
[BlackClock "0:01:17"]
[Board "96"]

1. e4 e5 2. Nf3 d6 3. d4 f5 4. exf5 e4 5. Ng5 Bxf5 6. d5 Nf6 7. Nc3 c6 8. Bf4 cxd5 9. Nxd5 h6 10. Nxf6+ Qxf6 11. Bb5+ Nc6 12. Bxc6+ bxc6 13. Nh3 Bxh3 14. gxh3 Qxf4 15. Qh5+ Qf7 16. Qg4 d5 17. O-O-O Be7 18. h4 O-O 19. Kb1 Qf5 20. Qg3 Qf4 21. Qg6 Rf6 22. Qg2 Qxf2 23. Qg4 Qf5 24. Qg2 Rg6 25. Qe2 Qf3 26. Qa6 Bc5 27. Qb7 Rf8 28. Qd7 Rgf6 29. a3 Qf5 30. Qb7 Qe6 31. Qa6 Bb6 32. Qe2 Rf2 33. Qh5 e3 34. Rhg1 e2 35. Rde1 Rf1 0-1


[Site "https://www.chess.com"]

[Event "Titled Tuesday Blitz June 27 Late 2023"]
[White "Campos, Maria Jose"]
[Black "Sanchez, Robert"]
[WhiteFideId "146803"]
[BlackFideId "2034360"]
[WhiteElo "2374"]
[BlackElo "2129"]
[Result "1-0"]
[Round "9"]
[TimeControl "180+2"]
[Date "2023.06.27"]
[WhiteClock "0:02:38"]
[BlackClock "0:01:47"]
[Board "97"]

1. c4 Nf6 2. g3 g6 3. Bg2 Bg7 4. Nc3 d6 5. d3 O-O 6. e4 e5 7. Nge2 Nc6 8. O-O Bd7 9. h3 Qc8 10. Kh2 h6 11. Be3 Kh7 12. Qd2 Ng8 13. Nd5 Nge7 14. b4 Nxd5 15. exd5 Ne7 16. c5 f5 17. Rac1 Qd8 18. f4 Bb5 19. Rfe1 dxc5 20. Bxc5 Re8 21. Nc3 Qd7 22. fxe5 Nxd5 1-0


[Site "https://www.chess.com"]

[Event "Titled Tuesday Blitz June 27 Late 2023"]
[White "Toniutti, Ezio"]
[Black "Inepton_Fermion"]
[WhiteFideId "113034"]
[WhiteElo "2457"]
[BlackElo "2361"]
[Result "1-0"]
[Round "9"]
[TimeControl "180+2"]
[Date "2023.06.27"]
[WhiteClock "0:00:07"]
[BlackClock "0:00:07"]
[Board "98"]

1. d4 g6 2. c4 Bg7 3. Nc3 c5 4. d5 Bxc3+ 5. bxc3 e5 6. e4 d6 7. h4 h5 8. Nf3 Bg4 9. Qb3 Bxf3 10. Qxb7 Nd7 11. gxf3 Rb8 12. Qc6 Qa5 13. Bh3 Qxc3+ 14. Kf1 Nf6 15. Kg2 O-O 16. Bg5 Rb6 17. Qc7 Rfb8 18. Bxd7 R6b7 19. Qxd6 Nxd7 20. Rae1 Qxc4 21. Rc1 Qxa2 22. Be3 c4 23. Ra1 Qb2 24. Rhc1 c3 25. Ra6 Nb6 26. Qc6 Nd7 27. Qxc3 Qxc3 28. Rxc3 Rb2 29. Rxa7 Nb6 30. Rcc7 Rf8 31. Rcb7 Nc4 32. Rxb2 Nxb2 33. Rb7 Nd3 34. Rb6 Rd8 35. Rc6 Nf4+ 36. Bxf4 exf4 37. Rf6 Kg7 38. Rxf4 f6 39. Kg3 Kf7 40. e5 Rxd5 41. Rxf6+ Kg7 42. f4 Rd3+ 43. f3 Rd2 44. Rd6 Re2 45. f5 gxf5 46. Kf4 Rh2 47. Kg5 Rg2+ 48. Kxf5 Rh2 49. f4 Rxh4 50. Rd7+ Kf8 51. e6 Rh1 52. Ra7 Rc1 53. Kf6 Rc8 54. f5 Rb8 55. Rh7 Kg8 56. Rxh5 Rf8+ 57. Kg6 Ra8 58. f6 Ra1 59. f7+ Kf8 60. Rh8+ Ke7 61. f8=Q+ Kxe6 62. Qf7+ Ke5 63. Re8+ Kd4 64. Qf6+ Kd3 65. Qxa1 Kc2 66. Rc8+ Kb3 67. Qb1+ Ka4 68. Ra8# 1-0


[Site "https://www.chess.com"]

[Event "Titled Tuesday Blitz June 27 Late 2023"]
[White "Vargas, Mauricio"]
[Black "Bueno, Alfeu Junior Varela"]
[WhiteFideId "4404572"]
[BlackFideId "2108879"]
[WhiteElo "1877"]
[BlackElo "2379"]
[Result "0-1"]
[Round "9"]
[TimeControl "180+2"]
[Date "2023.06.27"]
[WhiteClock "0:00:00"]
[BlackClock "0:00:14"]
[Board "99"]

1. Nf3 e6 2. b3 f5 3. Bb2 b6 4. g3 Bb7 5. Bg2 Nf6 6. c4 Be7 7. d3 O-O 8. Nbd2 Qe8 9. O-O Qh5 10. Re1 f4 11. Be5 Ng4 12. Bxf4 e5 13. Be3 Nxe3 14. fxe3 Bb4 15. a3 Bc3 16. Ra2 Qh6 17. e4 Nc6 18. Rf1 Qe3+ 19. Kh1 Rf6 20. Rc2 Bd4 21. b4 Raf8 22. b5 Ne7 23. Nxd4 Rxf1+ 24. Nxf1 Qxd4 25. e3 Qd6 26. Rd2 Qxa3 27. Qe2 a6 28. Ra2 Qc3 29. bxa6 Bc6 30. a7 b5 31. cxb5 Bb7 32. Qb2 Qxb2 33. Rxb2 Ra8 34. b6 cxb6 35. Rxb6 Rxa7 36. Nd2 Ra1+ 0-1


[Site "https://www.chess.com"]

[Event "Titled Tuesday Blitz June 27 Late 2023"]
[White "Bullen, Alex"]
[Black "Romero Ruscalleda, Josep"]
[WhiteFideId "1801627"]
[BlackFideId "2231859"]
[WhiteElo "2263"]
[BlackElo "2368"]
[Result "0-1"]
[Round "9"]
[TimeControl "180+2"]
[Date "2023.06.27"]
[WhiteClock "0:00:00"]
[BlackClock "0:00:12"]
[Board "100"]

1. d4 g6 2. Nf3 Bg7 3. e4 d6 4. Nc3 a6 5. a4 Nc6 6. Bc4 Nf6 7. h3 O-O 8. Be3 e5 9. dxe5 Nxe5 10. Nxe5 dxe5 11. O-O Qe7 12. Qb1 Qb4 13. Qa2 Bd7 14. Rfd1 Bc6 15. f3 Qe7 16. Kh1 b5 17. Nd5 Bxd5 18. Bxd5 Rab8 19. axb5 axb5 20. c3 b4 21. cxb4 Qxb4 22. Rac1 Nxd5 23. Rxd5 Qxb2 24. Qxb2 Rxb2 25. Rxc7 Re2 26. Bc5 Ra8 27. Rdd7 Re1+ 28. Kh2 Bh6 29. Bf2 Re2 30. Bg3 Raa2 31. Rc8+ Bf8 32. Bxe5 Rxg2+ 33. Kh1 Rge2 34. Bd4 Re1+ 35. Bg1 Kg7 36. Rcc7 Raa1 37. Rxf7+ Kg8 38. Rxh7 Rxg1+ 39. Kh2 Rgc1 40. Kg3 Bd6+ 0-1


[Site "https://www.chess.com"]

[Event "Titled Tuesday Blitz June 27 Late 2023"]
[White "Kohler, Aran"]
[Black "Kujawski, Adam"]
[WhiteFideId "1002856"]
[BlackFideId "1100920"]
[WhiteElo "2252"]
[BlackElo "2338"]
[Result "1-0"]
[Round "9"]
[TimeControl "180+2"]
[Date "2023.06.27"]
[WhiteClock "0:01:11"]
[BlackClock "0:00:00"]
[Board "101"]

1. e4 e5 2. Nf3 Nc6 3. Bb5 a6 4. Ba4 Nf6 5. O-O Be7 6. Re1 b5 7. Bb3 O-O 8. a4 Rb8 9. axb5 axb5 10. d3 d6 11. h3 h6 12. Nbd2 Bd7 13. Nf1 Qc8 14. Ng3 Nd8 15. Kh2 Be6 16. c3 Bxb3 17. Qxb3 Re8 18. Nf5 Bf8 19. Be3 Kh7 20. Ra7 g6 21. Ng3 Rb7 22. Rea1 b4 23. Rxb7 Qxb7 24. Ra7 Qb8 25. Qxb4 Qxb4 26. cxb4 Ne6 27. Ne2 Rb8 28. Bd2 Be7 29. Bc3 Bd8 30. g3 Nd7 31. Nd2 Nb6 32. Nc4 Nxc4 33. dxc4 f5 34. exf5 gxf5 35. b5 Kg6 36. f4 e4 37. Kg2 Bf6 38. Kf2 Bxc3 39. Nxc3 Re8 40. Nd5 h5 41. Nxc7 Re7 42. b6 Nc5 43. Ke3 1-0


[Site "https://www.chess.com"]

[Event "Titled Tuesday Blitz June 27 Late 2023"]
[White "Quirke, Jeffrey"]
[Black "MAHanif"]
[WhiteFideId "2013029"]
[WhiteElo "2244"]
[BlackElo "2322"]
[Result "0-1"]
[Round "9"]
[TimeControl "180+2"]
[Date "2023.06.27"]
[WhiteClock "0:00:26"]
[BlackClock "0:01:29"]
[Board "102"]

1. e4 e5 2. Nf3 Nc6 3. Bb5 Bc5 4. c3 Nge7 5. O-O a6 6. Ba4 b5 7. Bc2 O-O 8. d4 exd4 9. cxd4 Bb6 10. Nc3 d5 11. e5 Bg4 12. Be3 Bxf3 13. Qxf3 Bxd4 14. e6 fxe6 15. Qh3 Nf5 16. g4 Bxe3 17. fxe3 Qg5 18. Rae1 Nh6 19. Bd1 Ne5 20. Qg3 Rxf1+ 21. Rxf1 Nexg4 22. Kh1 Qxe3 23. Qxc7 Nf2+ 0-1


[Site "https://www.chess.com"]

[Event "Titled Tuesday Blitz June 27 Late 2023"]
[White "Cooper, Aaron"]
[Black "Perez Torres, Nabi Isaias"]
[WhiteFideId "2634945"]
[BlackFideId "5120373"]
[WhiteElo "2187"]
[BlackElo "2306"]
[Result "0-1"]
[Round "9"]
[TimeControl "180+2"]
[Date "2023.06.27"]
[WhiteClock "0:00:22"]
[BlackClock "0:01:05"]
[Board "103"]

1. e4 c5 2. Nf3 d6 3. d4 cxd4 4. Nxd4 Nf6 5. Nc3 g6 6. Be2 Bg7 7. Be3 O-O 8. O-O Nc6 9. h3 a6 10. f4 Bd7 11. Nb3 b5 12. Bf3 Rc8 13. Re1 Na5 14. Nxa5 Qxa5 15. Qd2 Rfe8 16. e5 b4 17. Ne2 dxe5 18. fxe5 Qxe5 19. Bd4 Qc7 20. Qxb4 e5 21. Bc3 e4 22. Bxf6 Bxf6 23. Bxe4 Rb8 24. Qa3 Rxe4 25. Qf3 Qb6+ 26. Kh1 Rbe8 27. Rad1 Re3 28. Qf2 Bc6 29. Nf4 Rxe1+ 30. Rxe1 Qxf2 0-1


[Site "https://www.chess.com"]

[Event "Titled Tuesday Blitz June 27 Late 2023"]
[White "Gerbelli Neto, Eduardo"]
[Black "Hartikainen, Jarmo"]
[WhiteFideId "2103281"]
[BlackFideId "503134"]
[WhiteElo "2293"]
[BlackElo "2151"]
[Result "1-0"]
[Round "9"]
[TimeControl "180+2"]
[Date "2023.06.27"]
[WhiteClock "0:00:08"]
[BlackClock "0:00:00"]
[Board "104"]

1. e4 c5 2. Nc3 Nc6 3. f4 e6 4. Nf3 d5 5. Bb5 Be7 6. d3 h5 7. O-O h4 8. Qe1 Nh6 9. Ne5 Qd6 10. exd5 exd5 11. Bxc6+ bxc6 12. h3 Be6 13. b3 Nf5 14. Qf2 Rb8 15. Ba3 Rh6 16. Na4 Rb5 17. c4 Ra5 18. Rfe1 d4 19. Qd2 Bd8 20. Nf3 Kf8 21. Ng5 Bc7 22. Nxe6+ Rxe6 23. Rxe6 fxe6 24. Rf1 Ne3 25. Rf3 Kg8 26. Qf2 e5 27. Qxh4 exf4 28. Qg5 Nc2 29. Bxc5 Qe6 30. Kh2 Ne1 31. Qg4 Nxf3+ 32. Qxf3 Qf5 33. Bxd4 Be5 34. Bf2 Ra6 35. d4 Bd6 36. c5 Be7 37. Be3 Ra5 38. Qxf4 1-0


[Site "https://www.chess.com"]

[Event "Titled Tuesday Blitz June 27 Late 2023"]
[White "Petersson, Kjell"]
[Black "Lopez Del Alamo, Antonio"]
[WhiteFideId "1705148"]
[BlackFideId "2227339"]
[WhiteElo "2162"]
[BlackElo "2343"]
[Result "1-0"]
[Round "9"]
[TimeControl "180+2"]
[Date "2023.06.27"]
[WhiteClock "0:01:23"]
[BlackClock "0:01:09"]
[Board "105"]

1. d4 Nf6 2. Bf4 d5 3. e3 e6 4. Nf3 Bd6 5. Bg3 O-O 6. c3 c5 7. Nbd2 Nc6 8. Bd3 b6 9. e4 dxe4 10. Nxe4 Nxe4 11. Bxe4 Bb7 12. dxc5 Bxc5 13. Qa4 Qe8 14. Bxh7+ Kh8 15. Qh4 Qe7 16. Ng5 Qxg5 17. Qxg5 Kxh7 18. O-O-O Rad8 19. Rxd8 Rxd8 20. h4 f6 21. Qg4 e5 22. h5 Ne7 23. h6 g6 24. Qe6 Bd5 25. Qxf6 Nf5 1-0


[Site "https://www.chess.com"]

[Event "Titled Tuesday Blitz June 27 Late 2023"]
[White "Sarkar, Justin"]
[Black "Wendt, Jan-Dietrich"]
[WhiteFideId "2010011"]
[BlackFideId "4623797"]
[WhiteElo "2274"]
[BlackElo "2341"]
[Result "0-1"]
[Round "9"]
[TimeControl "180+2"]
[Date "2023.06.27"]
[WhiteClock "0:00:00"]
[BlackClock "0:00:01"]
[Board "106"]

1. e4 c5 2. Nf3 e6 3. d4 cxd4 4. Nxd4 Nf6 5. Nc3 Nc6 6. Ndb5 d6 7. Bf4 e5 8. Bg5 a6 9. Na3 b5 10. Nd5 Be7 11. Bxf6 Bxf6 12. c4 bxc4 13. Qa4 Bd7 14. Qxc4 Rc8 15. Qxa6 O-O 16. Be2 Nd4 17. O-O Be6 18. Bd3 Bxd5 19. exd5 Bg5 20. Nc4 Be7 21. Rfc1 f5 22. Nb6 Rb8 23. Nc4 e4 24. Bf1 f4 25. Qa5 Qe8 26. Qd2 Bf6 27. Nxd6 Qe5 28. Nc4 Qg5 29. Kh1 Rbe8 30. Re1 Qh4 31. d6 f3 32. d7 Rd8 33. g3 Qh6 0-1


[Site "https://www.chess.com"]